 Dungeon Crawl Stone Soup version 0.29-a0-555-g3b24f45cc1 (webtiles) character file.

Game seed: 5418005442629779389

11767 siradein the Merchant of Misery (level 11, -8/80 HPs)
             Began as a Vampire Necromancer on June 7, 2022.
             Was a Believer of Kikubaaqudgha.
             Killed from afar by an acid dragon (17 damage)
             ... with a splash of acid
             ... on level 9 of the Dungeon on June 8, 2022.
             The game lasted 00:53:21 (14191 turns).

siradein the Merchant of Misery (VpNe)             Turns: 14191, Time: 00:53:22

Health: -8/80      AC: 11    Str: 13    XL:     11   Next: 53%
Magic:  2/20       EV: 15    Int: 23    God:    Kikubaaqudgha [**....]
Gold:   476        SH: 11    Dex: 18    Spells: 14/22 levels left

rFire   . . .      SeeInvis +   D - +7 dagger "Blob" {venom, +Blink rN+ Dex+4}
rCold   + . .      Faith    .   l - +0 buckler
rNeg    + . .      Spirit   .   p - +2 leather armour {Will+}
rPois   .          Reflect  +   q - +2 helmet
rElec   .          Harm     .   J - +0 cloak {Stlth+}
rCorr   .          Rampage  .   m - +0 pair of gloves
Will    ++...                   (no boots)
Stlth   +++.......              n - amulet of reflection
HPRegen 0.43/turn               i - ring of protection from cold
MPRegen 0.17/turn               d - +6 ring of strength

@: about to teleport, animating dead, healing quickly
A: alive, fangs 3, see invisible, vampiric 2
a: Exsanguinate, Renounce Religion, Evoke Blink, Unearth Wretches


You were on level 9 of the Dungeon.
You worshipped Kikubaaqudgha.
Kikubaaqudgha was pleased with you.
You visited 1 branch of the dungeon, and saw 10 of its levels.

You collected 618 gold pieces.
You spent 142 gold pieces at shops.

Inventory:

Hand Weapons
 D - the +7 dagger "Blob" (weapon) {venom, +Blink rN+ Dex+4}
   (You found it on level 7 of the Dungeon)

   It poisons the flesh of those it strikes.
   Dex:       It affects your dexterity (+4).
   rN:        It protects you from negative energy.
   +Blink:    It lets you blink.
 M - a +1 scimitar of flaming
Missiles
 z - a throwing net
Armour
 l - a +0 buckler (worn)
 m - a +0 pair of gloves (worn)
 p - a +2 leather armour of willpower (worn)
 q - a +2 helmet (worn)
 J - a +0 cloak of stealth (worn)
Jewellery
 d - a +6 ring of strength (right hand)
 f - an amulet of magic regeneration
 i - a ring of protection from cold (left hand)
 n - an amulet of reflection (around neck)
 t - an amulet of regeneration
 y - a ring of ice
 G - a ring of positive energy
 I - a ring of resist corrosion
 K - a ring of positive energy
 P - a ring of fire
Wands
 a - a wand of polymorph (7)
 s - a wand of charming (9)
 v - a wand of acid (13)
 H - a wand of flame (8)
Scrolls
 g - 3 scrolls of teleportation
 j - 2 scrolls of immolation
 o - a scroll of blinking
 u - 2 scrolls of torment
 w - a scroll of fog
 F - 2 scrolls of enchant weapon {unknown}
 L - a scroll of vulnerability {unknown}
 O - a scroll of magic mapping {unknown}
 Q - a scroll of amnesia {unknown}
Potions
 b - a potion of magic
 c - a potion of invisibility
 e - 3 potions of lignification
 h - 5 potions of heal wounds
 k - 2 potions of cancellation
 r - 2 potions of attraction {unknown}
 x - a potion of mutation {unknown}
 A - 3 potions of haste {unknown}
 B - 2 potions of curing {unknown}
 C - a potion of brilliance
 E - 3 potions of flight {unknown}
 N - a potion of degeneration {unknown}


   Skills:
 + Level 5.6 Fighting
 - Level 5.0 Armour
 + Level 7.1 Dodging
 - Level 3.0 Stealth
 - Level 5.0 Shields
 + Level 6.1 Spellcasting
 + Level 14.2 Necromancy


You had 14 spell levels left.
You knew the following spells:

 Your Spells              Type           Power      Damage    Failure   Level
a - Necrotize             Necr           100%       1d9       1%          1
b - Vampiric Draining     Necr           64%        2d10      1%          3
c - Animate Dead          Necr           64%        N/A       1%          4

Your spell library contained the following spells:

 Spells                   Type           Power      Damage    Failure   Level
 Sublimation of Blood     Necr           64%        N/A       1%          2
 Agony                    Necr           64%        N/A       1%          5
 Apportation              Tloc           14%        N/A       14%         1
 Shock                    Conj/Air       28%        1d4       14%         1
 Blink                    Tloc           14%        N/A       21%         2
 Ignite Poison            Fire/Tmut/Pois 7%         N/A       38%         3
 Lesser Beckoning         Tloc           7%         N/A       38%         3
 Mephitic Cloud           Conj/Pois/Air  7%         N/A       38%         3
 Ozocubu's Armour         Ice            7%         N/A       38%         3
 Swiftness                Air            7%         N/A       38%         3
 Simulacrum               Ice/Necr       19%        N/A       75%         6
 Airstrike                Air            3%         N/A       80%         4
 Summon Ice Beast         Ice/Summ       7%         N/A       80%         4
 Summon Lightning Spire   Summ/Air       7%         N/A       80%         4
 Freezing Cloud           Conj/Ice/Air   3%         6-21      98%         5
 Manifold Assault         Tloc           7%         N/A       98%         5
 Metabolic Englaciation   Hex/Ice        3%         N/A       98%         5
 Summon Mana Viper        Hex/Summ       7%         N/A       98%         5
 Monstrous Menagerie      Summ           3%         N/A       100%        7
 Storm Form               Tmut/Air       3%         N/A       100%        7
 Maxwell's Capacitive Co  Air            3%         ∞         100%        8


Dungeon Overview and Level Annotations

Branches:
Dungeon (10/15)            Temple (0/1) D:7            Lair (0/6) D:9
    Orc (0/2) D:9

Altars:
Ashenzari
Cheibriados
Fedhas
Hepliaklqana
Kikubaaqudgha
Ru
Sif Muna
Vehumet
Zin
The Shining One

Shops:
D:4 [   D:5 *[*[   D:7 :


Innate Abilities, Weirdness & Mutations

Your natural rate of healing is accelerated.
You have razor-sharp teeth.
You have supernaturally acute eyesight. (SInv)
You are afflicted with vampirism and can become a bat while bloodless.


Message History

The splash of acid hits you!!
* * * LOW HITPOINT WARNING * * *
You block the brown ugly thing's attack.
Unknown command.
Casting: Vampiric Draining (safe; 1% risk of failure)
Confirm with . or Enter, or press ? or * to list all spells.
Aiming: Vampiric Draining (safe; 1% risk of failure)
Press: ? - help, Shift-Dir - straight line, f/p - brown ugly thing
Aim: a brown ugly thing (almost dead, very poisoned)
You draw life force from the brown ugly thing!
You kill the brown ugly thing!
Kikubaaqudgha accepts your kill.
You feel life coursing into your body.
The dead are walking!
The acid dragon bites you!
* * * LOW HITPOINT WARNING * * *
The acid dragon closely misses you.
Unknown command.
Unknown command.
You hit the acid dragon.
The acid dragon is lightly wounded.
You block the gnoll shaman's attack.
The acid dragon bites you but does no damage.
You block the acid dragon's attack.
Your ugly thing zombie misses the wraith.
You block the acid dragon's attack. The acid dragon claws you.
* * * LOW HITPOINT WARNING * * *
The gnoll shaman misses you.
You climb upwards.
There is a stone staircase leading down here.
As you read the scroll of teleportation, it crumbles to dust.
You feel strangely unstable. The gnoll shaman barely misses you.
The acid dragon bites you!
* * * LOW HITPOINT WARNING * * *
The acid dragon completely misses you. The gnoll shaman closely misses you.
You are no longer corroded.
The acid dragon spits acid at you. The splash of acid hits you!
You die...
Kikubaaqudgha rasps: "You have failed me!
Welcome... death!"

##.....## ##........##
#####..####### #...........
##........####...........
##...##)))....##..........
#.ZZ##.)[[..⌠..##.........
#...#....)......#.........
##..#.....⌠.....#.....[)..
#.Z#..Dg....<..#.....)<..
##..#....@⌠.....#........#
#..##...........#.........
##.####..⌠...⌠..##........#
#..# ##.......##........##
#### ####.......#####.##
######### ###


You could see an acid dragon (catching breath) and a gnoll shaman.

Vanquished Creatures
  A hydra (D:9)
  Erica (D:9)
  2 ugly things
  A cyclops (D:8)
  Maurice (D:8)
  Maggie (D:9)
  A komodo dragon (D:9)
  An efreet (D:8)
  A slime creature (D:8)
  A wraith (D:10)
  10 yaks
  A steam dragon (D:8)
  A redback (shapeshifter) (D:8)
  A vampire mosquito (D:8)
  2 water moccasins
  3 orc warriors
  3 black bears
  2 ice beasts
  An ogre (D:5)
  5 sky beasts
  3 centaurs
  2 kobold brigands
  5 bullfrogs
  A necrophage (D:8)
  A gnoll sergeant (D:8)
  2 scorpions
  14 wights
  3 killer bees (D:8)
  A howler monkey (D:8)
  4 electric eels (D:6)
  An iron imp (D:8)
  An orc priest (D:9)
  A gnoll shaman (D:9)
  4 hounds
  2 jellies
  Crazy Yiuf (D:4)
  Natasha (thrice) (D:3)
  6 iguanas
  5 orc wizards
  2 gnolls (D:9)
  7 adders
  A shadow imp (D:7)
  An ufetubus (D:5)
  3 worms
  2 dart slugs (D:3)
  23 orcs
  4 endoplasms
  3 giant cockroaches
  7 goblins
  6 hobgoblins
  3 jackals (D:2)
  A quokka (D:2)
  6 ball pythons
  5 bats
  3 frilled lizards (D:1)
  10 kobolds
  4 rats
191 creatures vanquished.

Vanquished Creatures (collateral kills)
  A two-headed ogre (D:8)
  Amaemon (D:8)
  A deep elf pyromancer (D:8)
  An orange demon (D:8)
  3 yaks (D:8)
  A kobold brigand (D:8)
  A killer bee (D:8)
  An orc wizard (D:9)
  2 gnolls (D:9)
  7 orcs
  A jackal (D:2)
  3 kobolds (D:8)
23 creatures vanquished.

Vanquished Creatures (others)
  A deep elf pyromancer (D:9)
  A human zombie (D:9)
  Blork the orc (D:5)
  A cyclops zombie (D:8)
  6 yak zombies (D:8)
  A centaur zombie (D:8)
  A hound (D:9)
  An iguana (D:9)
  A sky beast zombie (D:7)
  An ice beast zombie (D:7)
  A hound zombie (D:9)
  14 orc zombies
  A kobold (D:6)
  5 kobold zombies (D:8)
  16 plants
52 creatures vanquished.

Grand Total: 266 creatures vanquished

Notes
Turn   | Place    | Note
-------+----------+-------------------------------------------
     0 | D:1      | siradein the Vampire Necromancer began the quest for the
                  | Orb.
     0 | D:1      | Reached XP level 1. HP: 13/13 MP: 3/3
   340 | D:1      | Reached XP level 2. HP: 19/19 MP: 3/5
   378 | D:1      | Reached skill level 5 in Necromancy
  1131 | D:2      | Gained mutation: You are afflicted with vampirism and can
                  | become a bat while bloodless. [Vampire growth]
  1131 | D:2      | Reached XP level 3. HP: 24/24 MP: 3/6
  1175 | D:2      | Learned a level 3 spell: Vampiric Draining
  1802 | D:2      | Found a broken altar of Ashenzari.
  2007 | D:3      | Reached skill level 6 in Necromancy
  2076 | D:3      | Noticed Natasha
  2082 | D:3      | Killed Natasha
  2083 | D:3      | Reached XP level 4. HP: 21/30 MP: 2/7
  2206 | D:3      | Found a blossoming altar of Fedhas.
  2691 | D:3      | Noticed Natasha
  2699 | D:3      | Killed Natasha
  3121 | D:3      | Noticed Natasha
  3126 | D:3      | Killed Natasha
  3127 | D:3      | Reached skill level 7 in Necromancy
  3127 | D:3      | Reached XP level 5. HP: 30/35 MP: 2/8
  3271 | D:3      | Found a blossoming altar of Fedhas.
  4025 | D:4      | Found Honycenk's Antique Armour Boutique.
  4032 | D:4      | Bought a runed helmet for 142 gold pieces
  4370 | D:4      | Found a runed translucent door.
  4371 | D:4      | Noticed Crazy Yiuf
  4654 | D:4      | Learned a level 4 spell: Animate Dead
  4686 | D:5      | Entered Level 5 of the Dungeon
  4774 | D:5      | Reached skill level 8 in Necromancy
  4774 | D:5      | Reached XP level 6. HP: 39/41 MP: 3/9
  4991 | D:5      | Found Ozxusaof's General Store.
  4993 | D:5      | Found Qigguzxele's Armour Emporium.
  4995 | D:5      | Found Qasovve's Antique Armour Emporium.
  4996 | D:5      | Found Dofy Hid's Assorted Antiques.
  5004 | D:5      | Reached skill level 9 in Necromancy
  5194 | D:5      | Noticed Blork the orc
  5247 | D:5      | HP: 2/41 [Blork the orc/+0 trident (17)]
  5262 | D:5      | Your ally Blork the orc died
  5263 | D:5      | Reached XP level 7. HP: 8/46 MP: 4/10
  5443 | D:5      | Reached skill level 1 in Armour
  6025 | D:6      | Found a hazy altar of Hepliaklqana.
  6249 | D:6      | Reached skill level 10 in Necromancy
  6442 | D:6      | Reached XP level 8. HP: 52/52 MP: 6/11
  7105 | D:6      | Identified the +0 leather armour "Uxzipree" {rCorr Str+3}
  7899 | D:7      | Found Muysh's Self-Improvement Boutique.
  7918 | D:7      | Found a large runed translucent door.
  7919 | D:7      | Found a large runed translucent door.
  7928 | D:7      | Identified the +7 dagger "Blob" {venom, +Blink rN+ Dex+4}
  7962 | D:7      | Reached skill level 11 in Necromancy
  8273 | D:7      | Found a radiant altar of Vehumet.
  8280 | D:7      | Found an ancient bone altar of Kikubaaqudgha.
  8281 | D:7      | Found a shimmering blue altar of Sif Muna.
  8288 | D:7      | Became a worshipper of Kikubaaqudgha
  8296 | D:7      | Got Sif Muna's Papyrus of Orientation
  8348 | D:7      | Reached skill level 5 in Armour
  8566 | D:7      | Found a staircase to the Ecumenical Temple.
  8574 | D:7      | Reached XP level 9. HP: 48/57 MP: 7/12
  8582 | D:7      | Reached skill level 12 in Necromancy
  9394 | D:8      | Noticed a cyclops
  9412 | D:8      | Killed a cyclops
  9413 | D:8      | Reached skill level 1 in Fighting
  9413 | D:8      | Reached skill level 1 in Shields
  9664 | D:8      | Noticed a deep elf pyromancer
  9777 | D:8      | Killed a deep elf pyromancer
  9778 | D:8      | Reached skill level 13 in Necromancy
  9841 | D:8      | Reached * piety under Kikubaaqudgha
  9841 | D:8      | Received a gift from Kikubaaqudgha
  9842 | D:8      | Reached XP level 10. HP: 64/67 MP: 10/15
 10212 | D:8      | Noticed a two-headed ogre
 10567 | D:8      | Reached skill level 5 in Dodging
 10609 | D:8      | Killed a two-headed ogre
 10715 | D:8      | Noticed an orange demon
 10718 | D:8      | Found a snail-covered altar of Cheibriados.
 10718 | D:8      | Noticed Amaemon
 10970 | D:8      | Killed Amaemon
 10976 | D:8      | Killed an orange demon
 11037 | D:8      | Reached skill level 5 in Spellcasting
 11257 | D:8      | Noticed Maurice
 11322 | D:8      | Killed Maurice
 11455 | D:8      | Noticed a cyan ugly thing
 11522 | D:8      | Killed a cyan ugly thing
 11523 | D:8      | Reached XP level 11. HP: 51/78 MP: 8/18
 12060 | D:4      | Killed Crazy Yiuf
 12204 | D:7      | Found a sacrificial altar of Ru.
 12277 | D:9      | Upgraded the game from 0.29-a0-553-g81b289dbe5 to
                  | 0.29-a0-555-g3b24f45cc1
 12296 | D:9      | Found a staircase to the Orcish Mines.
 12335 | D:9      | Found a staircase to the Lair.
 12465 | D:9      | Reached ** piety under Kikubaaqudgha
 12587 | D:9      | Noticed Maggie
 12600 | D:9      | Killed Maggie
 12715 | D:9      | Reached skill level 5 in Fighting
 12822 | D:9      | Reached skill level 5 in Shields
 13053 | D:9      | Reached skill level 14 in Necromancy
 13463 | D:9      | Noticed Erica
 13479 | D:9      | Killed Erica
 13715 | D:9      | Your ally Erica died
 13835 | D:10     | Entered Level 10 of the Dungeon
 13836 | D:10     | Noticed a brown ugly thing
 14185 | D:10     | Killed a brown ugly thing
 14191 | D:9      | Killed from afar by an acid dragon

Illustrated notes

Levels and vault maps discovered:
D:1:      tarquinn_simple_flora_water_e, layout_basic
D:2:      layout_loops_ring, basic_altar, hangedman_abyss_or_decor_lesser_grid,
          kennysheep_generic_room_13
D:3:      layout_basic, fedhas_ov_isle_minmay, uniq_natasha
D:4:      layout_loops_ring, serial_shops, nicolae_square_shop,
          amcnicky_mini_pool_small, minmay_crossroads, uniq_crazy_yiuf_cottage
D:5:      layout_loops_cross, minmay_shop_grid_forest, uniq_blork_the_orc
D:6:      layout_loops_ring, lemuel_tele_altar, serial_bayou,
          serial_bayou_pond_c, serial_bayou_shore_b, serial_bayou_pond_c,
          serial_bayou_pond_b, serial_bayou_lake_a
D:7:      layout_basic, grunt_temple_overflow_magic_moments,
          jmf_multi_god_temple2, minmay_temple_entry_large_hall,
          nicolae_shop_self_help
D:8:      minmay_bloctagon, layout_gridville, slow_altar_2,
          minmay_diamond_spiral, uniq_amaemon, uniq_maurice
D:9:      layout_cave_pods, zin_treasury, david_lair_shrubbed, orc_0_dummy,
          grunt_ministairs_10, uniq_erica, uniq_maggie
D:10:     minmay_spotlight, layout_gridville, hex_large,
          kennysheep_generic_room_5

Skill      XL: |  1  2  3  4  5  6  7  8  9 10 11 |
---------------+----------------------------------+-----
Necromancy     | 5 6 7 8 9 10 11 13 14 | 14.2
Armour         | 3 5 |  5.0
Fighting       | 2 4 5 |  5.6
Dodging        | 4 6 7 |  7.1
Shields        | 2 4 5 |  5.0
Spellcasting   | 3 5 6 |  6.1
Stealth        | |  3.0

Action                   |  1- 3 |  4- 6 |  7- 9 | 10-12 || total
-------------------------+-------+-------+-------+-------++-------
Melee: Dagger            |    16 |    11 |   200 |   254 ||   481
       Bite              |       |     2 |    31 |    47 ||    80
 Cast: Necrotize         |    76 |    98 |    87 |    20 ||   281
       Vampiric Draining |       |     1 |    18 |    42 ||    61
       Animate Dead      |       |       |     7 |     7 ||    14
Invok: Unearth Wretches  |       |       |       |     1 ||     1
Evoke: Wand              |       |     1 |       |     4 ||     5
  Use: Scroll            |       |     7 |     3 |     5 ||    15
 Stab: Distracted        |       |       |       |     4 ||     4
       Paralysed         |       |       |       |     1 ||     1
       Sleeping          |       |       |       |     1 ||     1
Armor: Robe              |     5 |     1 |       |       ||     6
       Leather armour    |       |     7 |    50 |    55 ||   112
       Fire dragon scale |       |     1 |    49 |       ||    50
Dodge: Dodged            |    38 |    25 |   122 |   172 ||   357
Block: Buckler           |       |    20 |   116 |   158 ||   294
       Reflection        |       |     3 |     2 |     4 ||     9

Table legend: (Time is in decaauts)
 A = Elapsed time spent in this place.
 B = Non-inter-level travel time spent in this place.
 C = Inter-level travel time spent in this place.
 D = Time resting spent in this place.
 E = Time spent auto-exploring this place.
 F = Levels seen in this place.
 G = Mean time per level.
                   A        B        C        D        E       F      G
               +--------+--------+--------+--------+--------+-----+--------+
         Total |  14288 |  13752 |    536 |   1416 |   9309 |  10 | 1428.8 |
       Dungeon |  14288 |  13752 |    536 |   1416 |   9309 |  10 | 1428.8 |
               +--------+--------+--------+--------+--------+-----+--------+

Top non-repeatable levels by time:
     D:8: 2559 daAuts
     D:6: 2214 daAuts
     D:3: 1715 daAuts
     D:9: 1685 daAuts
     D:5: 1436 daAuts
     D:7: 1322 daAuts
     D:4: 1084 daAuts
     D:2: 1073 daAuts
     D:1: 926 daAuts
    D:10: 271 daAuts
